 Dungeon Crawl Stone Soup version 0.32-a0-898-g7811c86cf0 (webtiles) character file.

Game seed: 16678350847691318596

383 Twinkles the Ruffian (level 6, -2/42 HPs)
             Began as an Octopode Shapeshifter on Apr 4, 2024.
             Slain by Dowan
             ... wielding a +0 dagger
              (7 damage)
             ... on level 4 of the Dungeon.
             The game lasted 00:08:44 (2686 turns).

Twinkles the Ruffian (Octopode Shapeshifter)        Turns: 2686, Time: 00:08:45

Health: -2/42      AC:  1    Str: 15    XL:     6   Next: 76%
Magic:  6/6        EV: 12    Int: 13    God:
Gold:   209        SH:  0    Dex: 11    Spells: 5/5 levels left

rFire   . . .        f - +1 dagger (venom)
rCold   + . .        (no shield)
rNeg    + . .        (helmet currently unavailable)
rPois   .            l - amulet of magic regeneration
rElec   .            d - ring of protection from cold
rCorr   .            e - ring of positive energy
SInv    .            (no ring)
Will    .....        (no ring)
Stlth   +++          (no ring)
HPRegen 0.27/turn    (no ring)
MPRegen 0.50/turn    (no ring)
                     (no ring)

%: no passive effects
@: beast-form
A: beast (slay +2), almost no armour, amphibious, 8 rings, camouflage 1,
gelatinous body 1, (nimble swimmer 1), tentacles
a: Begin Untransformation


You were on level 4 of the Dungeon.
You were a hulking beast.
You visited 1 branch of the dungeon, and saw 4 of its levels.

You collected 209 gold pieces.

Inventory:

Hand Weapons
 f - a +1 dagger of venom (weapon)
Jewellery
 d - a ring of protection from cold (left tentacle)
 e - a ring of positive energy (right tentacle)
 l - an amulet of magic regeneration (around mantle)
Talismans
 b - a beast talisman (active)
 c - a flux talisman
Wands
 q - a wand of flame (17)
 y - a wand of mindburst (14)
Scrolls
 a - a scroll of teleportation {unknown}
 h - a scroll of amnesia {unknown}
 i - 5 scrolls of identify {unknown}
 j - 3 scrolls of fear {unknown}
 m - 2 scrolls of enchant weapon {unknown}
Potions
 g - 2 potions of attraction {unknown}
 k - a potion of degeneration {unknown}
 n - a potion of invisibility {unknown}
 o - a potion of mutation {unknown}
 p - a potion of ambrosia {unknown}
 P - a potion of lignification


   Skills:
 + Level 3.0 Fighting
 + Level 3.5 Dodging
 + Level 3.9 Stealth
 + Level 4.2 Unarmed Combat
 + Level 4.0 Shapeshifting


You had 5 spell levels left.
You didn't know any spells.
Your spell library was empty.

Dungeon Overview and Level Annotations

Branches:
Dungeon (4/15) Zot: 21316
 Temple: D:4-7

Altars:

Annotations:
D:4 Dowan


Innate Abilities, Weirdness & Mutations

You are a hulking beast.
Your limbs bulge with bestial killing power. (Slay +2)
You cannot wear most types of armour.
You are amphibious.
You can wear up to eight rings at the same time.
Your skin changes colour to match your surroundings (Stealth+).
Your rubbery body absorbs attacks. (AC +1, EV +1)
((You are camouflaged when in or above water. (Stealth+)))
You have tentacles for arms and can constrict up to eight enemies at once.


Message History

There is an open door here.
Dowan shouts!
Duvessa shouts!
Duvessa hits you with a +0 rapier! Dowan barely misses you.
Dowan barely misses you.
Dowan points at you and mumbles some strange words.
You resist with some effort.
There is an open door here.
Dowan casts a spell.
Dowan blinks!
You hit Duvessa but do no damage. You grab Duvessa. You constrict Duvessa.
Duvessa closely misses you.
You hit Duvessa but do no damage.
Duvessa is poisoned.
Duvessa is lightly wounded.
You constrict Duvessa.
Duvessa gestures with her weapon.
Duvessa hits you with a +0 rapier!
You hit Duvessa.
Duvessa looks as sick as possible!
You squeeze Duvessa!
Duvessa is heavily wounded.
You constrict Duvessa. Duvessa barely misses you.
You hit Duvessa.
Duvessa looks as sick as possible!
You squeeze Duvessa!
Duvessa is almost dead.
You constrict Duvessa.
You kill Duvessa!
You hear a distant wail of despair.
Your Fighting skill increases to level 3!
Your Shapeshifting skill increases to level 4!
Dowan seems to find hidden reserves of power!
Dowan says, "Magic will overcome all!"
Things that are here:
a +0 rapier; a +0 leather armour; the elf corpse of Duvessa You barely miss Dowan.
You grab Dowan. You constrict Dowan. Dowan hits you with a +0 dagger.
You hit Dowan.
Dowan is poisoned.
You squeeze Dowan!
Dowan is severely wounded.
You constrict Dowan. Dowan casts a spell at you. The shard of ice hits you!!
You partially resist.
* * * LOW HITPOINT WARNING * * *
Dowan hits you with a +0 dagger!
You die...

#......... #.......†. #.........
#......... #############
#......... #.....§.....#
#.........
#.#.#######.####+##.........
#.#.# #e#............... #.#.#
#h#......#.......#
######.#e##+#+##.(......+.......#
.........#....⌠#........#.......#
##....#..'.e..ß#.#......#.......#
##.#.#..#....⌠#.#......#.......#
#.#....#######.#.###......†...'
##+###............###.##.......#
#..................##.##.......#
#......)...........'..##########


You could see Dowan (fast, very poisoned).

Vanquished Creatures
  Duvessa (D:4)
  A bombardier beetle (D:3)
  A hound (D:4)
  An orc priest (D:3)
  An orc wizard (D:2)
  5 adders
  12 dart slugs (D:3)
  3 orcs
  9 ball pythons
  5 endoplasms
  3 giant cockroaches
  7 hobgoblins
  7 jackals
  5 kobolds
  2 quokkas
  7 bats
  3 frilled lizards
  9 goblins
  A rat (D:2)
83 creatures vanquished.

Notes
Turn   | Place    | Note
-------+----------+-------------------------------------------
     0 | D:1      | Twinkles the Octopode Shapeshifter began the quest for the
                  | Orb.
     0 | D:1      | Reached XP level 1. HP: 13/13 MP: 1/1
   132 | D:1      | Reached XP level 2. HP: 16/18 MP: 2/2
   304 | D:1      | Reached skill level 1 in Stealth
   796 | D:2      | Reached XP level 3. HP: 22/23 MP: 3/3
  1062 | D:2      | Reached XP level 4. HP: 29/29 MP: 4/4
  1482 | D:3      | Reached XP level 5. HP: 34/34 MP: 5/5
  1891 | D:2      | HP: 10/35 [something (3)]
  2087 | D:3      | Reached XP level 6. HP: 16/41 MP: 6/6
  2658 | D:4      | Noticed Duvessa
  2659 | D:4      | Noticed Dowan
  2683 | D:4      | Killed Duvessa
  2686 | D:4      | HP: 5/42 [Dowan/shard of ice (19)]
  2686 | D:4      | Slain by Dowan

Illustrated notes

Levels and vault maps discovered:
D:1:      roderic_chinese_lattice_arrival, layout_basic
D:2:      layout_rooms
D:3:      kennysheep_slugbush, layout_basic
D:4:      dreamdust_elfheim, layout_basic, grunt_ministairs_12

Skill      XL: |  1  2  3  4  5  6 |
---------------+-------------------+-----
Stealth        | 1 2 3 |  3.9
Fighting       | 2 3 |  3.0
Dodging        | 3 |  3.5
Unarmed Combat | 4 |  4.2
Shapeshifting  | 4 |  4.0

Action                     |  1- 3 |  4- 6 || total
---------------------------+-------+-------++-------
  Melee: Unarmed           |    21 |       ||    21
         Constrict         |    14 |    25 ||    39
         Tentacles         |    10 |    15 ||    25
         Dagger            |    31 |    80 ||   111
   Stab: Sleeping          |     4 |    15 ||    19
 Armour: Skin              |    20 |    31 ||    51
  Dodge: Dodged            |    23 |    44 ||    67

Table legend: (Time is in decaauts)
 A = Elapsed time spent in this place.
 B = Non-inter-level travel time spent in this place.
 C = Inter-level travel time spent in this place.
 D = Time resting spent in this place.
 E = Time spent auto-exploring this place.
 F = Levels seen in this place.
 G = Mean time per level.
                   A        B        C        D        E       F      G
               +--------+--------+--------+--------+--------+-----+--------+
         Total |   2682 |   2566 |    116 |    123 |   1809 |   4 |  670.5 |
       Dungeon |   2682 |   2566 |    116 |    123 |   1809 |   4 |  670.5 |
               +--------+--------+--------+--------+--------+-----+--------+

Top non-repeatable levels by time:
     D:1: 763 daAuts
     D:2: 752 daAuts
     D:3: 752 daAuts
     D:4: 414 daAuts
